 Dungeon Crawl Stone Soup version 0.31.0-32-g396128a36d (webtiles) character file.

Game seed: 9517543599402067342

3103 letamthe3000 the Cleaver (level 9, 0/108 HPs)
             Began as a Human Berserker on Mar 8, 2024.
             Was an Elder of Trog.
             Slain by a +0 spectral quarterstaff (2 damage)
             ... created by Joseph
             ... on level 7 of the Dungeon.
             The game lasted 00:58:10 (7490 turns).

letamthe3000 the Cleaver (Human Berserker)          Turns: 7490, Time: 00:58:10

Health: 0/108      AC:  9    Str: 22    XL:     9   Next: 90%
Magic:  9/9        EV: 10    Int:  8    God:    Trog [****..]
Gold:   332        SH:  0    Dex: 12    Spells: 8/8 levels left

rFire   . . .        h - +3 war axe
rCold   + . .        (no shield)
rNeg    . . .        Q - +0 chain mail {rC+}
rPois   .            (no helmet)
rElec   .            (no cloak)
rCorr   .            (no gloves)
SInv    .            (no boots)
Will    .....        (no amulet) Stlth
                     Y - +4 ring of slaying
HPRegen 0.38/turn    j - ring of flight
MPRegen 0.11/turn

%: no passive effects
@: berserking, flying, very quick
A: explore regen
a: Renounce Religion, Berserk, Trog's Hand, Brothers in Arms


You were on level 7 of the Dungeon.
You worshipped Trog.
Trog was greatly pleased with you.
You visited 2 branches of the dungeon, and saw 8 of its levels.
You also visited: Ossuary.

You collected 332 gold pieces.

Inventory:

Hand Weapons
 h - a +3 war axe (weapon)
 n - a +0 short sword of draining
 o - a +4 whip
 p - a +3 hammer of protection
 x - a +2 short sword of flaming
 U - a +5 short sword of venom
 V - a +1 heavy shortbow
 Z - a +0 sling
Missiles
 c - 66 stones (quivered)
 k - 11 poisoned darts
 E - 12 boomerangs
 N - 2 large rocks
 X - 3 throwing nets
Armour
 b - a +0 animal skin
 z - a +0 buckler
 Q - a +0 chain mail of cold resistance (worn)
 S - a +0 kite shield
Magical Staves
 g - a staff of alchemy
Jewellery
 j - a ring of flight (right hand)
 w - a ring of resist corrosion
 A - a ring of see invisible
 K - an amulet of magic regeneration
 W - an amulet of magic regeneration
 Y - a +4 ring of slaying (left hand)
Talismans
 q - a serpent talisman
Wands
 y - a wand of charming (16)
 T - a wand of roots (2)
Scrolls
 a - 7 scrolls of teleportation {unknown}
 e - 8 scrolls of identify {unknown}
 f - 2 scrolls of vulnerability {unknown}
 i - 2 scrolls of torment {unknown}
 l - a scroll of fear {unknown}
 r - 3 scrolls of immolation {unknown}
 v - a scroll of acquirement {unknown}
 B - 2 scrolls of noise {unknown}
 C - a scroll of amnesia {unknown}
 D - a scroll of brand weapon {unknown}
 F - a scroll of revelation {unknown}
 G - 3 scrolls of summoning {unknown}
 L - a scroll of poison {unknown}
Potions
 d - 2 potions of heal wounds {unknown}
 m - 2 potions of degeneration {unknown}
 s - 2 potions of haste {unknown}
 t - 3 potions of resistance {unknown}
 u - a potion of might {unknown}
 H - a potion of experience {unknown}
 I - 5 potions of curing {unknown}
 J - 4 potions of enlightenment {unknown}
 M - a potion of mutation {unknown}
 O - 3 potions of attraction {unknown}
 P - 3 potions of magic {unknown}
 R - a potion of berserk rage {unknown}


   Skills:
 + Level 7.0 Fighting
 + Level 3.4 Long Blades
 + Level 9.8 Axes
 + Level 4.6 Armour
 + Level 4.5 Dodging
 + Level 2.1 Stealth


You had 8 spell levels left.
You didn't know any spells.
Your spell library contained the following spells:

 Spells                   Type           Power      Damage    Failure   Level
 Foxfire                  Conj/Fire      0%         2x1d4     95%         1
 Magic Dart               Conj           0%         1d3       95%         1
 Sting                    Conj/Alch      0%         1d3       95%         1
 Blink                    Tloc           0%         N/A       99%         2
 Call Imp                 Summ           0%         N/A       99%         2
 Mercury Vapours          Alch/Air       0%         N/A       99%         2
 Searing Ray              Conj           0%         2d4       99%         2
 Sublimation of Blood     Necr           0%         N/A       99%         2
 Fulminant Prism          Conj/Alch      0%         3d5       100%        4
 Olgreb's Toxic Radiance  Alch           0%         N/A       100%        4
 Plasma Beam              Fire/Air       0%         2x1d10    100%        6
 Starburst                Conj/Fire      0%         6d3       100%        6
 Summon Hydra             Summ           0%         N/A       100%        7


Dungeon Overview and Level Annotations

Branches:
Dungeon (7/15)             Temple (1/1) D:7         Ossuary (visited)

Altars:
Ashenzari
Dithmenos
Elyvilon
Gozag
Hepliaklqana
Makhleb
Nemelex Xobeh
Qazlal
Sif Muna
Trog
Uskayaw
Vehumet
Wu Jian
Xom
Yredelemnul
Zin
The Shining One

Annotations:
D:7 Joseph


Innate Abilities, Weirdness & Mutations

You regain HP and MP as you explore.


Message History

A staircase to the Ecumenical Temple.
Press: ? - help, v - describe, . - travel The floor.
Press: ? - help, v - describe, . - travel The floor.
There is a stone staircase leading down here.
Found 6 stones.
c - 66 stones (gained 6) Joseph, a Mercenary comes into view.
He is wielding a +0 spectral quarterstaff.
Joseph shouts!
Joseph unwields a +0 spectral quarterstaff.
Joseph wields a +0 sling.
Joseph shoots a sling bullet.
The sling bullet hits you!
Joseph shoots a sling bullet.
The sling bullet hits you!
Joseph shoots a sling bullet.
The sling bullet hits you!
Joseph unwields a +0 sling.
Joseph wields a +0 spectral quarterstaff.
Joseph hits you with a +0 spectral quarterstaff.
The +0 spectral quarterstaff hits you.
A +0 spectral quarterstaff comes into view.
You slash Joseph!
Joseph is lightly wounded.
You miss the +0 spectral quarterstaff. Joseph hits you but does no damage.
The +0 spectral quarterstaff hits you.
You slash Joseph!
Joseph is moderately wounded.
You miss the +0 spectral quarterstaff.
Joseph hits you with a +0 spectral quarterstaff!
* * * LOW HITPOINT WARNING * * *
The +0 spectral quarterstaff barely misses you.
A red film seems to cover your vision as you go berserk!
You feel yourself moving faster!
You feel mighty! Joseph misses you. The +0 spectral quarterstaff hits you!
* * * LOW HITPOINT WARNING * * *
You are too berserk!
You barely miss Joseph.
Joseph is moderately wounded.
You closely miss the +0 spectral quarterstaff.
Joseph misses you. The +0 spectral quarterstaff hits you.
You die...

#....##...........
#....##....>.....#
...................
..#..#.##.##...##..#
..#..#.##.##...##..#
#..#.##...........
#.............#.##
#@(#.##.#.#.#.#.#
#@.#.##.#.#.#....
#..#.##..........
#.............#
#..####.#.#.#...
.....####.#.#.#.....
............#.#.#.....
##########..#......###
≈≈≈ ≈≈≈ #....#.#..#≈≈
#≈≈ ≈≈≈ ##.#.#....#≈≈


You could see Joseph and a +0 spectral quarterstaff.

Vanquished Creatures
  Grinder (D:5)
  Sigmund (D:6)
  A wraith (D:6)
  Duvessa (D:7)
  A water moccasin (D:7)
  An ice beast (D:5)
  2 black bears
  A centaur (D:5)
  2 ogres
  9 scorpions
  2 bullfrogs (D:6)
  Dowan (D:7)
  A howler monkey (D:6)
  2 electric eels (D:6)
  A bombardier beetle (D:5)
  3 centaur zombies (Ossuary)
  3 human zombies (Ossuary)
  5 hounds
  5 orc priests
  Crazy Yiuf (D:5)
  3 iguanas
  Jessica (D:3)
  A scorpion zombie (Ossuary)
  A sleepcap (D:6)
  3 orc wizards
  3 mummies (Ossuary)
  2 adders
  12 gnolls
  A white imp (D:7)
  2 ufetubi (D:5)
  3 adder zombies (Ossuary)
  A ribbon worm (D:2)
  3 dart slugs
  18 orcs
  7 endoplasms
  A giant cockroach (D:1)
  4 gnoll zombies (Ossuary)
  9 goblins
  9 hobgoblins
  6 jackals (D:5)
  11 kobolds
  4 quokkas
  4 ball pythons
  A ball python zombie (Ossuary)
  6 bats
  3 frilled lizards
  3 jackal zombies (Ossuary)
  3 orc zombies (Ossuary)
  4 rats
173 creatures vanquished.

Notes
Turn   | Place    | Note
-------+----------+-------------------------------------------
     0 | D:1      | letamthe3000 the Human Berserker began the quest for the
                  | Orb.
     0 | D:1      | Reached XP level 1. HP: 18/18 MP: 1/1
   142 | D:2      | Reached XP level 2. HP: 24/24 MP: 2/2
   517 | D:1      | Reached XP level 3. HP: 25/29 MP: 3/3
  1102 | D:2      | Reached skill level 1 in Axes
  1107 | D:2      | Reached ** piety under Trog
  1310 | D:2      | Reached XP level 4. HP: 34/37 MP: 4/4
  1417 | D:2      | Reached skill level 2 in Axes
  2198 | D:3      | Noticed Jessica
  2207 | D:3      | Killed Jessica
  2208 | D:3      | Reached XP level 5. HP: 40/42 MP: 5/5
  2611 | D:3      | Noticed a black bear
  2620 | D:3      | Killed a black bear
  2621 | D:3      | Reached skill level 3 in Axes
  2621 | D:3      | Reached XP level 6. HP: 36/49 MP: 6/6
  2904 | D:4      | Found a radiant altar of Vehumet.
  2913 | D:4      | Found a sand-covered staircase.
  2919 | Ossuary  | Entered an ossuary
  2970 | Ossuary  | Reached skill level 4 in Axes
  2998 | Ossuary  | Reached skill level 1 in Stealth
  3208 | Ossuary  | Reached XP level 7. HP: 45/55 MP: 7/7
  3343 | Ossuary  | Reached *** piety under Trog
  3344 | Ossuary  | Reached skill level 5 in Axes
  3396 | Ossuary  | Reached skill level 5 in Fighting
  3634 | D:4      | Reached skill level 6 in Axes
  3634 | D:4      | Reached XP level 8. HP: 42/62 MP: 8/8
  3792 | D:4      | Found a glowing silver altar of Zin.
  4457 | D:5      | Entered Level 5 of the Dungeon
  4518 | D:5      | Reached **** piety under Trog
  4560 | D:5      | Reached skill level 7 in Axes
  5344 | D:5      | Noticed Grinder
  5352 | D:5      | Killed Grinder
  5353 | D:5      | Reached skill level 8 in Axes
  5353 | D:5      | Reached XP level 9. HP: 52/69 MP: 9/9
  5376 | D:5      | Found a runed translucent door.
  5377 | D:5      | Noticed Crazy Yiuf
  5391 | D:5      | Killed Crazy Yiuf
  6269 | D:6      | Noticed Sigmund
  6275 | D:6      | Killed Sigmund
  6276 | D:6      | Reached skill level 9 in Axes
  6290 | D:6      | Found a sparkling altar of Nemelex Xobeh.
  7235 | D:7      | Found a staircase to the Ecumenical Temple.
  7237 | D:7      | Noticed Duvessa
  7238 | D:7      | Noticed Dowan
  7246 | D:7      | Killed Duvessa
  7247 | D:7      | Killed Dowan
  7288 | Temple   | Entered the Ecumenical Temple
  7482 | D:7      | Noticed Joseph
  7489 | D:7      | HP: 2/108 [+0 spectral quarterstaff[Joseph] (11)]
  7490 | D:7      | Slain by a +0 spectral quarterstaff

Illustrated notes

Levels and vault maps discovered:
D:1:      dpeg_arrival_lava_temple_mockup, layout_basic, chequers_avenue
D:2:      cheibrodos_helix_gallery, layout_loops_ring
D:3:      layout_rooms, nicolae_elevator_lobby_plus, uniq_jessica
D:4:      layout_loops_ring, zin_academy, general_overflow_altar,
          nicolae_ossuary_entry_ruins, minmay_misc_feat_hallway
D:5:      layout_basic, dreamdust_gnoll_farm, uniq_crazy_yiuf_cottage,
          uniq_grinder
D:6:      layout_basic, nemelex_dance_club_becter, water_boxes_lemuel,
          uniq_sigmund
D:7:      layout_basic, overflow_temple_1_default,
          minmay_temple_entry_stoned_glass, serial_aquarium,
          aquarium_bridge_square [aquarium_subvault_balcony,
          aquarium_subvault_bridge, aquarium_subvault_bridge,
          aquarium_subvault_bridge], aquarium_bridge_square
          [aquarium_subvault_window, aquarium_subvault_bridge,
          aquarium_subvault_balcony, aquarium_subvault_wall], aquarium_window_2,
          aquarium_window_2, aquarium_window_corner, aquarium_view_2f,
          aquarium_view_2d, aquarium_pool_2,
          serial_library_regret_index_split_case, minmay_misc_feat_plants,
          uniq_pikel, uniq_joseph, uniq_duvessa
Temple:   dpeg_chambers_temple

Skill      XL: |  1  2  3  4  5  6  7  8  9 |
---------------+----------------------------+-----
Axes           | 1 2 3 4 6 8 9 |  9.8
Fighting       | 4 5 6 7 |  7.0
Dodging        | 3 4 |  4.5
Stealth        | 1 2 |  2.1
Armour         | 3 4 |  4.6
Long Blades    | |  3.4

Action                     |  1- 3 |  4- 6 |  7- 9 || total
---------------------------+-------+-------+-------++-------
  Melee: Falchion          |    11 |       |       ||    11
         War axe           |    78 |   110 |   304 ||   492
         Punch             |       |       |     5 ||     5
 Invoke: Berserk           |     2 |     4 |     7 ||    13
 Armour: Animal skin       |    60 |    79 |    64 ||   203
         Chain mail        |       |       |   175 ||   175
  Dodge: Dodged            |    80 |    51 |   160 ||   291
